TOP OF THE 1ST |
Carolina Mudcats batting - Pitching for Visalia Rawhide : LHP Katia Muniz
|
Pitching: LHP Katia Muniz
|
|
Batting: RHB Jose Restrepo
|
0-0: Ball 1-0: Swinging Strike 1-1: Ball 2-1: SINGLE (Groundball, 56D, EV 100.0 MPH)
|
Batting: RHB Andres Falcon
|
0-0: Ball 1-0: DOUBLE (Line Drive, 3D, EV 93.8 MPH) Jose Restrepo to third
|
Batting: LHB Miles Peeters
|
0-0: SINGLE (Groundball, 4MD, EV 93.8 MPH) Jose Restrepo scores Andres Falcon to third
|
Batting: RHB Jason Andrews
|
0-0: Called Strike 0-1: Grounds into double play, 5-4-3 (Groundball, 56S, EV 81.9 MPH) Andres Falcon scores
|
Batting: RHB Joey Arboleda
|
0-0: Ball 1-0: Ball 2-0: Called Strike 2-1: Swinging Strike 2-2: Foul Ball, location: 2F 2-2: Fly out, F9 (Flyball, 9LD, EV 100.0 MPH)
|
Top of the 1st over - 2 runs, 3 hits, 0 errors, 0 left on base; Carolina 2 - Visalia 0 |
BOTTOM OF THE 1ST |
Visalia Rawhide batting - Pitching for Carolina Mudcats : RHP Norichika Yamane
|
Pitching: RHP Norichika Yamane
|
|
Batting: RHB Mike Dagley
|
0-0: SINGLE (Line Drive, 4MD, EV 98.8 MPH)
|
Batting: RHB Martin Berrios
|
0-0: Ball 1-0: Foul Ball, location: 2F 1-1: Ball 2-1: Foul Ball, location: 2F 2-2: Strikes out swinging
|
Batting: RHB Jose Garcia
|
0-0: Fly out, F6 (Line Drive, 6, EV 67.5 MPH)
|
Batting: RHB Tai Joo
|
0-0: Ball 1-0: Fielders Choice at 2nd, 4-6 (Groundball, 4MD, EV 83.8 MPH)
|
Bottom of the 1st over - 0 runs, 1 hit, 0 errors, 1 left on base; Carolina 2 - Visalia 0 |
TOP OF THE 2ND |
Carolina Mudcats batting - Pitching for Visalia Rawhide : LHP Katia Muniz
|
Batting: RHB Adrian Gonzalez
|
0-0: Swinging Strike 0-1: Foul Ball, location: 2F 0-2: Strikes out swinging
|
Batting: RHB Juan Montijo
|
0-0: Called Strike 0-1: Swinging Strike 0-2: Ball 1-2: Strikes out swinging
|
Batting: RHB Dan Muth
|
0-0: Called Strike 0-1: Ball 1-1: Foul Ball, location: 2F 1-2: Strikes out looking
|
Top of the 2nd over - 0 runs, 0 hits, 0 errors, 0 left on base; Carolina 2 - Visalia 0 |
BOTTOM OF THE 2ND |
Visalia Rawhide batting - Pitching for Carolina Mudcats : RHP Norichika Yamane
|
Batting: LHB Chris Coleman
|
0-0: Ball 1-0: Swinging Strike 1-1: Ball 2-1: Ball 3-1: Foul Ball, location: 2F 3-2: Strikes out swinging
|
Batting: RHB Cody Anderson
|
0-0: Ground out 1-3 (Groundball, P, EV 73.1 MPH)
|
Batting: RHB Hang-ki Yin
|
0-0: Foul Ball, location: 2F 0-1: Ball 1-1: Fly out, F7 (Flyball, 7S, EV 83.1 MPH)
|
Bottom of the 2nd over - 0 runs, 0 hits, 0 errors, 0 left on base; Carolina 2 - Visalia 0 |
TOP OF THE 3RD |
Carolina Mudcats batting - Pitching for Visalia Rawhide : LHP Katia Muniz
|
Batting: RHB Norichika Yamane
|
0-0: SINGLE (Flyball, 4D, EV 83.8 MPH)
|
Batting: RHB Jose Restrepo
|
0-0: Swinging Strike 0-1: Ball 1-1: Called Strike 1-2: Foul Ball, location: 2F 1-2: Ball 2-2: 2-RUN HOME RUN (Flyball, 7LD, EV 100.0 MPH), Distance : 355 ft
|
Batting: RHB Andres Falcon
|
0-0: Swinging Strike 0-1: Ball 1-1: Swinging Strike 1-2: Ball 2-2: Strikes out swinging
|
Batting: LHB Miles Peeters
|
0-0: Ball 1-0: Called Strike 1-1: Foul Ball, location: 2F 1-2: Foul Ball, location: 2F 1-2: Foul Ball, location: 2F 1-2: Ground out 4-3 (Groundball, 34, EV 97.5 MPH)
|
Batting: RHB Jason Andrews
|
0-0: Called Strike 0-1: SINGLE (Flyball, 8LS, EV 85.6 MPH)
|
Batting: RHB Joey Arboleda
|
0-0: Ball 1-0: SINGLE (Line Drive, 78S, EV 95.6 MPH) Jason Andrews to second
|
Batting: RHB Adrian Gonzalez
|
0-0: Swinging Strike 0-1: Ball 1-1: Foul Ball, location: 2F 1-2: Ground out 2-3 (Groundball, 2R, EV 69.4 MPH)
|
Top of the 3rd over - 2 runs, 4 hits, 0 errors, 2 left on base; Carolina 4 - Visalia 0 |
BOTTOM OF THE 3RD |
Visalia Rawhide batting - Pitching for Carolina Mudcats : RHP Norichika Yamane
|
Batting: RHB Keith Turner
|
0-0: Ground out 5-3 (Groundball, 5L, EV 91.3 MPH)
|
Batting: LHB Katia Muniz
|
0-0: Ground out 5-3 (Groundball, 56S, EV 81.9 MPH)
|
Batting: RHB Mike Dagley
|
0-0: Ground out 4-3 (Groundball, 4S, EV 63.1 MPH)
|
Bottom of the 3rd over - 0 runs, 0 hits, 0 errors, 0 left on base; Carolina 4 - Visalia 0 |
TOP OF THE 4TH |
Carolina Mudcats batting - Pitching for Visalia Rawhide : LHP Katia Muniz
|
Batting: RHB Juan Montijo
|
0-0: Ball 1-0: Called Strike 1-1: Fly out, F9 (Line Drive, 9D, EV 91.3 MPH)
|
Batting: RHB Dan Muth
|
0-0: Called Strike 0-1: SOLO HOME RUN (Flyball, 7D, EV 93.8 MPH), Distance : 376 ft
|
Batting: RHB Norichika Yamane
|
0-0: SINGLE (Groundball, 34D, EV 97.5 MPH)
|
Pitching: RHP Mike Fontaine
|
|
Batting: RHB Jose Restrepo
|
0-0: Ball 1-0: Called Strike 1-1: Foul Ball, location: 2F 1-2: Ball 2-2: SINGLE (Groundball, 56S, EV 75.6 MPH) (infield hit) Norichika Yamane to second
|
Batting: RHB Andres Falcon
|
0-0: Ball 1-0: Ball 2-0: Ball 3-0: Base on Balls Norichika Yamane to third Jose Restrepo to second
|
Batting: LHB Miles Peeters
|
0-0: Foul Ball, location: 2F 0-1: Swinging Strike 0-2: Ball 1-2: Foul Ball, location: 2F 1-2: Ball 2-2: Foul Ball, location: 2F 2-2: Strikes out swinging
|
Batting: RHB Jason Andrews
|
0-0: Called Strike 0-1: Ball 1-1: Swinging Strike Passed Ball! Norichika Yamane scores Jose Restrepo to third Andres Falcon to second 1-2: Ball 2-2: SINGLE (Line Drive, 9S, EV 104.4 MPH) Jose Restrepo scores Andres Falcon to third
|
Batting: RHB Joey Arboleda
|
0-0: Ball 1-0: Foul Ball, location: 2F 1-1: Ball 2-1: Ball 3-1: Ground out 4-3 (Groundball, 34, EV 85.6 MPH)
|
Top of the 4th over - 3 runs, 4 hits, 0 errors, 2 left on base; Carolina 7 - Visalia 0 |
BOTTOM OF THE 4TH |
Visalia Rawhide batting - Pitching for Carolina Mudcats : RHP Norichika Yamane
|
Batting: RHB Martin Berrios
|
0-0: Ball 1-0: Foul Ball, location: 2F 1-1: Ball 2-1: Foul Ball, location: 2F 2-2: Strikes out swinging
|
Batting: RHB Jose Garcia
|
0-0: Ball 1-0: Foul Ball, location: 2F 1-1: Swinging Strike 1-2: Ball 2-2: Fly out, F9 (Flyball, 9LS, EV 88.1 MPH)
|
Batting: RHB Tai Joo
|
0-0: Fly out, F8 (Flyball, 8LS, EV 89.4 MPH)
|
Bottom of the 4th over - 0 runs, 0 hits, 0 errors, 0 left on base; Carolina 7 - Visalia 0 |
TOP OF THE 5TH |
Carolina Mudcats batting - Pitching for Visalia Rawhide : RHP Mike Fontaine
|
Batting: RHB Adrian Gonzalez
|
0-0: Ball 1-0: Called Strike 1-1: Swinging Strike 1-2: Ball 2-2: Strikes out looking
|
Batting: RHB Juan Montijo
|
0-0: Ground out 4-3 (Groundball, 4, EV 98.1 MPH)
|
Now at 2B: Mike Blunk
|
|
Batting: RHB Dan Muth
|
0-0: Fly out, F5 (Popup, 25F, EV 84.4 MPH)
|
Top of the 5th over - 0 runs, 0 hits, 0 errors, 0 left on base; Carolina 7 - Visalia 0 |
BOTTOM OF THE 5TH |
Visalia Rawhide batting - Pitching for Carolina Mudcats : RHP Norichika Yamane
|
Batting: LHB Chris Coleman
|
0-0: Foul Ball, location: 2F 0-1: SINGLE (Flyball, 5D, EV 84.4 MPH)
|
Batting: RHB Cody Anderson
|
0-0: Called Strike 0-1: Foul Ball, location: 2F 0-2: Fielders Choice at 2nd, 4-6 (Groundball, 34, EV 82.5 MPH)
|
Batting: RHB Hang-ki Yin
|
0-0: Ball 1-0: Grounds into double play, 3-6-3 (Groundball, 34, EV 78.1 MPH)
|
Bottom of the 5th over - 0 runs, 1 hit, 0 errors, 0 left on base; Carolina 7 - Visalia 0 |
TOP OF THE 6TH |
Carolina Mudcats batting - Pitching for Visalia Rawhide : RHP Mike Fontaine
|
Batting: RHB Norichika Yamane
|
0-0: Ball 1-0: Called Strike 1-1: Swinging Strike 1-2: Ball 2-2: Ball 3-2: Strikes out looking
|
Batting: RHB Jose Restrepo
|
0-0: Ball 1-0: SINGLE (Flyball, 89S, EV 87.5 MPH)
|
Pitching: RHP Matt Richner
|
|
Batting: RHB Andres Falcon
|
0-0: Ball Jose Restrepo is caught stealing 2nd base 2-4 1-0: Swinging Strike 1-1: Ball 2-1: Foul Ball, location: 2F 2-2: Ball 3-2: Base on Balls
|
Batting: LHB Miles Peeters
|
0-0: Ball 1-0: Ball 2-0: Called Strike 2-1: Ground out U3 (Groundball, 3, EV 98.1 MPH)
|
Top of the 6th over - 0 runs, 1 hit, 0 errors, 1 left on base; Carolina 7 - Visalia 0 |
BOTTOM OF THE 6TH |
Visalia Rawhide batting - Pitching for Carolina Mudcats : RHP Norichika Yamane
|
Batting: RHB Keith Turner
|
0-0: Ball 1-0: Ball 2-0: Foul Ball, location: 2F 2-1: Foul Ball, location: 2F 2-2: Strikes out looking
|
Batting: RHB Matt Richner
|
0-0: Ground out 5-3 (Groundball, 5, EV 89.4 MPH)
|
Batting: RHB Mike Dagley
|
0-0: Ball 1-0: Foul Ball, location: 2F 1-1: Ground out 5-3 (Groundball, 56S, EV 85.6 MPH)
|
Bottom of the 6th over - 0 runs, 0 hits, 0 errors, 0 left on base; Carolina 7 - Visalia 0 |
TOP OF THE 7TH |
Carolina Mudcats batting - Pitching for Visalia Rawhide : RHP Matt Richner
|
Pinch Hitting: RHB Teruo Nakayama
|
0-0: Ball 1-0: Called Strike 1-1: Ball 2-1: Foul Ball, location: 2F 2-2: Foul Ball, location: 2F 2-2: Ball 3-2: Foul Ball, location: 2F 3-2: Base on Balls
|
Batting: RHB Joey Arboleda
|
0-0: Ball 1-0: Ball 2-0: Ball 3-0: Called Strike 3-1: Base on Balls Teruo Nakayama to second
|
Batting: RHB Adrian Gonzalez
|
0-0: Called Strike 0-1: Foul Ball, location: 2F 0-2: Ball 1-2: Foul Ball, location: 2F 1-2: Fly out, F3 (Popup, 3DF, EV 79.4 MPH)
|
Batting: RHB Juan Montijo
|
0-0: SINGLE (Groundball, 34D, EV 98.1 MPH) Teruo Nakayama to third Joey Arboleda to second Runner from 3rd tries for Home, SAFE, throw by RF to home
|
Pitching: RHP Evan Barron
|
|
Batting: RHB Dan Muth
|
0-0: Ball 1-0: Fly out, F9 (Flyball, 89S, EV 80.0 MPH)
|
Batting: RHB Norichika Yamane
|
0-0: Ball 1-0: Called Strike 1-1: Swinging Strike 1-2: Strikes out swinging
|
Top of the 7th over - 1 run, 1 hit, 0 errors, 2 left on base; Carolina 8 - Visalia 0 |
BOTTOM OF THE 7TH |
Visalia Rawhide batting - Pitching for Carolina Mudcats : RHP Norichika Yamane
|
Now in LF: Teruo Nakayama
|
|
Batting: RHB Mike Blunk
|
0-0: Ball 1-0: Fly out, F8 (Flyball, 8RD, EV 98.1 MPH)
|
Batting: RHB Jose Garcia
|
0-0: Ball 1-0: Foul Ball, location: 2F 1-1: Foul Ball, location: 2F 1-2: Ball 2-2: Ball 3-2: Strikes out swinging
|
Batting: RHB Tai Joo
|
0-0: Ball 1-0: Foul Ball, location: 2F 1-1: Called Strike 1-2: Ball 2-2: Strikes out swinging
|
Bottom of the 7th over - 0 runs, 0 hits, 0 errors, 0 left on base; Carolina 8 - Visalia 0 |
TOP OF THE 8TH |
Carolina Mudcats batting - Pitching for Visalia Rawhide : RHP Evan Barron
|
Batting: RHB Jose Restrepo
|
0-0: Ball 1-0: Ball 2-0: Ball 3-0: Called Strike 3-1: Base on Balls
|
Batting: RHB Andres Falcon
|
0-0: Grounds into double play, 5-4-3 (Groundball, 56S, EV 78.8 MPH)
|
Batting: LHB Miles Peeters
|
0-0: Ball 1-0: Ball 2-0: Called Strike 2-1: Swinging Strike 2-2: Strikes out swinging
|
Top of the 8th over - 0 runs, 0 hits, 0 errors, 0 left on base; Carolina 8 - Visalia 0 |
BOTTOM OF THE 8TH |
Visalia Rawhide batting - Pitching for Carolina Mudcats : RHP Norichika Yamane
|
Batting: LHB Chris Coleman
|
0-0: Ball 1-0: Called Strike 1-1: TRIPLE (Flyball, 89XD, EV 108.8 MPH)
|
Batting: RHB Cody Anderson
|
0-0: Ball 1-0: Swinging Strike 1-1: SINGLE (Groundball, 5D, EV 101.3 MPH) Chris Coleman scores
|
Batting: RHB Hang-ki Yin
|
0-0: Ball 1-0: Swinging Strike 1-1: Fly out, F7 (Flyball, 7, EV 85.6 MPH)
|
Batting: RHB Keith Turner
|
0-0: Called Strike 0-1: Foul Ball, location: 2F 0-2: Ball 1-2: Strikes out swinging
|
Batting: RHB Evan Barron
|
0-0: Ball 1-0: Called Strike 1-1: Foul Ball, location: 2F 1-2: Foul Ball, location: 2F 1-2: Foul Ball, location: 2F 1-2: Ball 2-2: Ground out 1-3 (Groundball, 34S, EV 70.6 MPH)
|
Bottom of the 8th over - 1 run, 2 hits, 0 errors, 1 left on base; Carolina 8 - Visalia 1 |
TOP OF THE 9TH |
Carolina Mudcats batting - Pitching for Visalia Rawhide : RHP Evan Barron
|
Pitching: RHP Keith Morrissette
|
|
Batting: RHB Teruo Nakayama
|
0-0: SINGLE (Groundball, 6MD, EV 98.8 MPH)
|
Batting: RHB Joey Arboleda
|
0-0: Foul Ball, location: 2F 0-1: Foul Ball, location: 2F 0-2: Ball 1-2: Strikes out swinging
|
Batting: RHB Adrian Gonzalez
|
0-0: Foul Ball, location: 2F 0-1: Fielders Choice at 2nd, 3-6 (Groundball, 34, EV 100.0 MPH)
|
Batting: RHB Juan Montijo
|
0-0: Ball 1-0: SINGLE (Line Drive, 89S, EV 102.5 MPH) Adrian Gonzalez to second
|
Batting: RHB Dan Muth
|
0-0: Fielders Choice at 2nd, 6-4 (Groundball, 6, EV 78.8 MPH)
|
Top of the 9th over - 0 runs, 2 hits, 0 errors, 2 left on base; Carolina 8 - Visalia 1 |
BOTTOM OF THE 9TH |
Visalia Rawhide batting - Pitching for Carolina Mudcats : RHP Norichika Yamane
|
Pitching: RHP Juan Zamora
|
|
Batting: RHB Mike Dagley
|
0-0: Foul Ball, location: 2F 0-1: Hit by Pitch
|
Batting: RHB Mike Blunk
|
0-0: Ball 1-0: Swinging Strike 1-1: Called Strike 1-2: Ball 2-2: Foul Ball, location: 2F 2-2: Strikes out swinging
|
Batting: RHB Jose Garcia
|
0-0: Swinging Strike 0-1: Foul Ball, location: 2F 0-2: Strikes out looking
|
Batting: RHB Tai Joo
|
0-0: Ball 1-0: Ball 2-0: Foul Ball, location: 2F 2-1: Called Strike 2-2: Ball 3-2: Foul Ball, location: 2F 3-2: Strikes out swinging
|
Bottom of the 9th over - 0 runs, 0 hits, 0 errors, 1 left on base; Carolina 8 - Visalia 1 |
|